 Dungeon Crawl Stone Soup version 0.26.1-10-gdfb7c7de75 (webtiles) character file.

Game seed: 13598245317913506535

249 manyhoops the Ruffian (level 5, 0/48 HPs)
             Began as a Palentonga Transmuter on Apr 4, 2021.
             Was a Believer of Uskayaw.
             Slain by an ogre
             ... wielding a +0 giant club
              (26 damage)
             ... on level 4 of the Dungeon.
             The game lasted 00:05:03 (3546 turns).

manyhoops the Ruffian (Palentonga Transmuter)       Turns: 3546, Time: 00:05:04

Health: 0/48       AC:  4    Str: 21    XL:     5   Next: 86%
Magic:  8/8        EV: 10    Int: 13    God:    Uskayaw [**....]
Gold:   112        SH:  0    Dex: 10    Spells: 5/8 levels left

rFire    . . .     SeeInvis +     - Unarmed
rCold    . . .     Faith    .   (no shield)
rNeg     . . .     Spirit   .   a - +0 robe
rPois    .         Reflect  .   (helmet currently unavailable)
rElec    .         Harm     .   (no cloak)
rCorr    .         Rampage  .   (no gloves)
Will     .....                  (no barding)
Stlth    +.........             (no amulet)
HPRegen  0.16/turn              e - +6 ring of strength
MPRegen  0.11/turn              r - ring of flight

@: appendages (expiring)
A: large, horns 2, talons 2, rugged brown scales 3, see invisible, deformed
body, roll 1, armoured tail
a: Rolling Charge, End Transformation, Renounce Religion, Evoke Flight, Stomp,
Line Pass


You were on level 4 of the Dungeon.
You worshipped Uskayaw.
Uskayaw was noncommittal.
You had grown temporary horns.
You had grown temporary talons.
You visited 1 branch of the dungeon, and saw 4 of its levels.

You collected 112 gold pieces.

Inventory:

Armour
 a - a +0 robe (worn)
 s - a +0 helmet (melded)
Jewellery
 e - a +6 ring of strength (left hand)
 r - a ring of flight (right hand)
Wands
 n - a wand of iceblast (11)
Scrolls
 c - a scroll of amnesia
 d - a scroll of magic mapping
 g - 3 scrolls of teleportation
 h - a scroll of random uselessness {unknown}
 i - a scroll of enchant armour {unknown}
 k - a scroll of fog {unknown}
 m - a scroll of remove curse {unknown}
Potions
 b - a potion of flight
 f - a potion of magic
 j - 2 potions of curing
 l - 2 potions of cancellation
 o - a potion of haste {unknown}
 p - a potion of mutation {unknown}
 q - a potion of heal wounds {unknown}


   Skills:
 * Level 3.0 Fighting
 - Level 1.5 Dodging
 + Level 5.9 Unarmed Combat
 - Level 2.0 Spellcasting
 - Level 2.0 Transmutations


You had 5 spell levels left.
You knew the following spells:

 Your Spells              Type           Power        Failure   Level
a - Beastly Appendage     Tmut           12%          11%         1
b - Wereblood             Tmut           6%           17%         2

Your spell library contained the following spells:

 Spells                   Type           Power        Failure   Level
 Spider Form              Tmut/Pois      1%           45%         3
 Ice Form                 Ice/Tmut       3%           86%         4
 Blade Hands              Tmut           3%           97%         5


Dungeon Overview and Level Annotations

Branches:
Dungeon (4/15)
 Temple: D:4-7

Altars:
Dithmenos
Fedhas
Uskayaw
Vehumet
Zin
The Shining One

Annotations:
D:2 Sigmund


Innate Abilities, Weirdness & Mutations

You are completely covered in rugged brown scales. (AC +3, +7% HP)
You have supernaturally acute eyesight. (SInv)
Armour fits poorly on your strangely shaped body.
You can roll at nearby foes to attack.
You have a long armoured tail.
You have a pair of horns on your head.
You have razor-sharp toenails.


Message History

The jackal is almost dead.
The jackal bites you.
You completely miss the jackal. Your kick misses the jackal.
The jackal is almost dead.
Your transformation is almost over.
The jackal closely misses you.
You punch the jackal!
You kill the jackal!
Roll where?
Press: ? - help, Dir - move target, f - ogre
Aim: an ogre, wielding a +0 giant club You roll forward with a clatter of scales!
You hit the ogre but do no damage. You claw the ogre.
The ogre is lightly wounded.
The ogre hits you with a +0 giant club!
You can now pass through a line of other dancers.
There is a stone staircase leading up here.
The ogre hits you with a +0 giant club!!
Ouch! That really hurt!
You die...

## #.### #######
#.@.# #...).#
###O####.##.##
#..†.#.....#####
####.....#.....#
#####.#.###.##
#.....O..#
###..#....
##...#..
##.......


You could see an ogre.

Vanquished Creatures
  A phantom (D:4)
  A worker ant (D:4)
  8 adders
  A dart slug (D:3)
  4 leopard geckos
  4 orcs (D:3)
  A ball python (D:2)
  A giant cockroach (D:1)
  9 goblins
  4 hobgoblins
  7 jackals
  8 kobolds
  8 bats
  2 frilled lizards
  7 rats
66 creatures vanquished.

Vanquished Creatures (others)
  A plant (D:2)
1 creature vanquished.

Grand Total: 67 creatures vanquished

Notes
Turn   | Place    | Note
-------+----------+-------------------------------------------
     0 | D:1      | manyhoops the Palentonga Transmuter began the quest for the
                  | Orb.
     0 | D:1      | Reached XP level 1. HP: 17/17 MP: 3/3
   393 | D:1      | Reached XP level 2. HP: 24/24 MP: 3/5
  1069 | D:2      | Reached XP level 3. HP: 11/31 MP: 4/6
  1538 | D:2      | Reached skill level 4 in Unarmed Combat
  1547 | D:2      | Learned a level 2 spell: Wereblood
  1895 | D:2      | Found a hide-covered altar of Uskayaw.
  1904 | D:2      | Reached XP level 4. HP: 37/38 MP: 5/7
  1913 | D:2      | Became a worshipper of Uskayaw the Reveller
  1944 | D:2      | Found a glowing silver altar of Zin.
  1944 | D:2      | Found a shadowy altar of Dithmenos.
  1953 | D:2      | Reached * piety under Uskayaw
  2013 | D:2      | Noticed Sigmund
  2148 | D:2      | Found a glowing golden altar of the Shining One.
  2255 | D:3      | Found a radiant altar of Vehumet.
  2263 | D:3      | Reached ** piety under Uskayaw
  2273 | D:3      | Reached *** piety under Uskayaw
  2591 | D:3      | Reached skill level 5 in Unarmed Combat
  3130 | D:3      | Reached XP level 5. HP: 33/44 MP: 6/8
  3214 | D:3      | Found a blossoming altar of Fedhas.
  3497 | D:4      | Noticed a phantom
  3504 | D:4      | Killed a phantom
  3508 | D:4      | Noticed an ogre
  3546 | D:4      | Slain by an ogre

Illustrated notes

Levels and vault maps discovered:
D:1:      eino_arrival_water_cross, layout_basic, chequers_serial_rivers_small_b
D:2:      layout_basic, eat_drink_and_be_merry_uskayaw, tso_oasis_becter,
          grunt_temple_overflow_open, uniq_sigmund
D:3:      layout_loops_ring, vehumet_crystals, lemuel_coloured_pillars_altar
D:4:      layout_rooms, serial_shops, shop, shop

Skill      XL: |  1  2  3  4  5 |
---------------+----------------+-----
Unarmed Combat | 4 5 |  5.9
Fighting       | 2 3 |  3.0
Dodging        | |  1.5
Spellcasting   | |  2.0
Transmutations | |  2.0

Action                   |  1- 3 |  4- 6 || total
-------------------------+-------+-------++-------
Melee: Unarmed           |    79 |    93 ||   172
       Kick              |    10 |    15 ||    25
       Tailslap          |     6 |     9 ||    15
       Headbutt          |     6 |    10 ||    16
       Punch             |     1 |     2 ||     3
 Cast: Beastly Appendage |    11 |    12 ||    23
 Abil: Rolling Charge    |     4 |     3 ||     7
  Use: Scroll            |     5 |     2 ||     7
 Stab: Paralysed         |       |     1 ||     1
       Sleeping          |       |     1 ||     1
Armor: Robe              |    26 |    51 ||    77
Dodge: Dodged            |    47 |    93 ||   140
